 Dungeon Crawl Stone Soup version 0.26-a0-812-g31a745ddcd (webtiles) character file.

Game seed: 6595095530050756208

6048 kae the Grappler (level 10, -3/84 HPs)
             Began as a Green Draconian Transmuter on Dec 1, 2020.
             Was a Priest of Ru.
             Slain by a wyvern (10 damage)
             ... on level 10 of the Dungeon.
             The game lasted 00:08:24 (11936 turns).

kae the Grappler (Green Draconian Transmuter)      Turns: 11936, Time: 00:08:25

Health: -3/84      AC:  7    Str: 16    XL:     10   Next: 57%
Magic:  25/25      EV: 15    Int: 13    God:    Ru [***...]
Gold:   437        SH:  0    Dex: 12    Spells: 7/20 levels left

rFire    . . .     SeeInvis .     - Unarmed
rCold    . . .     Faith    .   (no shield)
rNeg     . . .     Spirit   .   (armour unavailable)
rPois    +         Reflect  .   (helmet restricted)
rElec    .         Harm     .   (no cloak)
rCorr    +         Rampage  .   (no gloves)
MR       .....                  (no boots)
Stlth    ..........             (no amulet)
HPRegen  0.24/turn              n - ring of resist corrosion
MPRegen  0.19/turn              q - ring of magical power

@: about to teleport, short of breath
A: breathe noxious fumes, unfitting armour, low mp 1, poison resistance,
cold-blooded, no stealth, inability to use devices, AC +7
a: Breathe Noxious Fumes, Draw Out Power, Renounce Religion


You were on level 10 of the Dungeon.
You worshipped Ru.
Ru was most pleased with you.
You visited 1 branch of the dungeon, and saw 10 of its levels.

You collected 437 gold pieces.

Inventory:

Hand Weapons
 j - a +3 vampiric whip
Jewellery
 k - a cursed amulet of inaccuracy {unknown}
 n - a ring of resist corrosion (left hand)
 p - an uncursed ring of protection from fire
 q - a ring of magical power (right hand)
Scrolls
 c - 3 scrolls of fog
 d - 2 scrolls of enchant weapon
 f - 3 scrolls of teleportation
 h - 4 scrolls of remove curse
 i - a scroll of immolation {unknown}
 r - a scroll of brand weapon {unknown}
 s - a scroll of blinking {unknown}
Potions
 a - 5 potions of attraction
 b - 4 potions of flight
 e - 2 potions of lignification
 g - 2 potions of mutation {unknown}
 l - 2 potions of magic {unknown}
 m - 4 potions of degeneration {unknown}
 o - 3 potions of might {unknown}
 t - 2 potions of curing


   Skills:
 + Level 6.5 Fighting
 + Level 5.7 Dodging
 * Level 9.1 Unarmed Combat
 + Level 5.9 Spellcasting
 * Level 8.8 Transmutations
 - Level 2.0 Poison Magic


You had 7 spell levels left.
You knew the following spells:

 Your Spells              Type           Power        Failure   Level
a - Beastly Appendage     Tmut           ####..       1%          1
b - Spider Form           Tmut/Pois      ###.......   5%          3
c - Blade Hands           Tmut           ####......   12%         5
d - Ice Form              Ice/Tmut       ###.....     28%         4

Your spell library contained the following spells:

 Spells                   Type           Power        Failure   Level
 Wereblood                Tmut           ####....     1%          2
 Magic Dart               Conj           #...         17%         1
 Summon Small Mammal      Summ           #...         17%         1
 Call Imp                 Summ           #.......     26%         2
 Searing Ray              Conj           #.....       26%         2
 Call Canine Familiar     Summ           #.......     45%         3
 Dazzling Flash           Conj/Hex       #.....       45%         3
 Summon Guardian Golem    Hex/Summ       #.......     45%         3
 Fulminant Prism          Conj/Hex       #.........   86%         4
 Iskenderun's Mystic Bla  Conj/Tloc      #.......     86%         4
 Summon Ice Beast         Ice/Summ       #.......     86%         4
 Summon Lightning Spire   Summ/Air       #.......     86%         4


Dungeon Overview and Level Annotations

Branches:
Dungeon (10/15)            Temple (0/1) D:7            Lair (0/6) D:10
    Orc: D:9-12

Altars:
Ashenzari
Cheibriados
Elyvilon
Fedhas
Makhleb
Nemelex Xobeh
Okawaru
Ru
Sif Muna
Uskayaw
Wu Jian
Zin

Shops:
D:6 :   D:8 }

Annotations:
D:5 3 runed translucent doors, graki42's ghost, amateur DECj


Innate Abilities, Weirdness & Mutations

You can breathe blasts of noxious fumes.
Your lurid green scales are hard. (AC +7)
You cannot fit into any form of body armour.
Your magical capacity is low. (-10% MP)
Your system is resistant to poisons. (rPois)
You are cold-blooded and may be slowed by cold attacks.
You cannot be stealthy.
You cannot study or use magical devices.


Message History

The hound is engulfed in noxious fumes.
The hound appears confused.
The wyvern misses you. The hound bites you.
The gnoll shaman is engulfed in noxious fumes.
The gnoll shaman misses you.
The centaur warrior shoots an arrow.
The arrow misses you. The wyvern misses you.
You see here an arrow.
The hound is stunned by your will and fails to attack.
The centaur warrior shoots an arrow.
The arrow hits you!!
* * * LOW HITPOINT WARNING * * *
x2 The gnoll shaman is engulfed in noxious fumes.
The gnoll shaman appears confused.
The gnoll shaman closely misses you.
The gnoll hits the centaur.
The centaur warrior shoots an arrow.
The arrow barely misses you.
Something closely misses the gnoll.
The gnoll shaman is engulfed in noxious fumes.
The gnoll shaman appears confused.
The gnoll shaman hits the wyvern with a +0 whip.
The gnoll shaman hits itself with a +0 whip.
The wyvern bites you!
You die...

#..........# #....
..########'######.
#.... ..#
#......... .#
#.... ..#
#.†....... ..#
#.### ..#
#......... ...#
#.... ###
#...#######+#...#
#####
#.))#.........8.#
#...#....8..c...#
#
#...#...@g..$...+
#
#...#####l.($)..#
#
#.....g.hggg!....
#
#......c#g.....8.
#
#.......#.8......
#
#####...#...#####
# #...#...+ #
#...#...# #
#...#...# #


You could see a centaur warrior, a wyvern, a gnoll shaman (confused) and 4
gnolls.

Vanquished Creatures
  A two-headed ogre (D:9)
  A centaur zombie (D:9)
  Joseph (D:7)
  Sigmund (D:2)
  A wyvern (D:10)
  Menkaure (D:4)
  3 wargs (D:9)
  2 water moccasins
  Duvessa (D:7)
  2 sky beasts (D:9)
  An ice beast (D:9)
  3 orc warriors
  3 phantoms
  A hornet zombie (D:10)
  3 ogres
  4 centaurs
  3 big kobolds
  3 bullfrogs
  A gnoll sergeant (D:8)
  Dowan (D:7)
  2 scorpions
  5 wights (D:8)
  2 howler monkeys
  A bullfrog zombie (D:10)
  2 bullfrog skeletons (D:5)
  2 jellies (D:9)
  2 orc priests
  3 hounds
  11 orc wizards
  A centaur skeleton (D:9)
  Jessica (D:8)
  4 iguanas
  9 worker ants
  14 adders
  10 gnolls
  4 shadow imps
  A white imp (D:9)
  3 oozes
  An adder zombie (D:7)
  3 worms
  2 dart slugs
  7 leopard geckos
  31 orcs
  A ball python (D:6)
  8 bats
  7 giant cockroaches
  6 hobgoblins
  7 jackals
  23 kobolds
  2 quokkas
  3 frilled lizards
  12 goblins
  A leopard gecko skeleton (D:8)
  A leopard gecko zombie (D:6)
  4 rats
233 creatures vanquished.

Vanquished Creatures (others)
  2 orcs
  4 fungi
  2 plants
8 creatures vanquished.

Grand Total: 241 creatures vanquished

Notes
Turn   | Place    | Note
-------+----------+-------------------------------------------
     0 | D:1      | kae the Draconian Transmuter began the quest for the Orb.
     0 | D:1      | Reached XP level 1. HP: 16/16 MP: 3/3
   291 | D:1      | Reached XP level 2. HP: 23/23 MP: 3/5
   664 | D:1      | Reached XP level 3. HP: 26/28 MP: 6/6
   669 | D:1      | Learned a level 3 spell: Spider Form
  1399 | D:2      | Found a burning altar of Makhleb.
  1401 | D:2      | Found a sacrificial altar of Ru.
  1401 | D:2      | Found a sparkling altar of Nemelex Xobeh.
  1593 | D:2      | Became a worshipper of Ru the Awakened
  1767 | D:2      | Reached XP level 4. HP: 35/36 MP: 5/7
  2025 | D:2      | Noticed Sigmund
  2039 | D:2      | Killed Sigmund
  2039 | D:2      | Reached skill level 4 in Unarmed Combat
  2039 | D:2      | Reached XP level 5. HP: 37/42 MP: 7/9
  2081 | D:2      | Learned a level 5 spell: Blade Hands
  2668 | D:3      | Reached XP level 6. HP: 49/50 MP: 10/10
  2847 | D:3      | Gained mutation: You cannot study or use magical devices.
                  | [Ru sacrifice]
  2847 | D:3      | Reached * piety under Ru
  2847 | D:3      | Reached ** piety under Ru
  3982 | D:4      | Noticed Menkaure
  4260 | D:5      | Entered Level 5 of the Dungeon
  4280 | D:5      | Found a runed translucent gate.
  4280 | D:5      | Found a runed translucent gate.
  4281 | D:5      | Found a runed translucent gate.
  4316 | D:5      | Identified the +6 whip "Wotyeno" {chaos, +Inv rPois MR-
                  | Int+4}
  4530 | D:5      | Reached skill level 1 in Poison Magic
  4530 | D:5      | Your scales start taking on a lurid green colour.
  4530 | D:5      | Reached XP level 7. HP: 55/57 MP: 7/12
  4530 | D:5      | Gained mutation: Your system is resistant to poisons.
                  | (rPois) [Green Draconian growth]
  4630 | D:5      | Reached skill level 5 in Unarmed Combat
  4903 | D:5      | Noticed graki42's ghost (amateur DECj)
  5210 | D:4      | Killed Menkaure
  5375 | D:6      | Reached skill level 5 in Transmutations
  5668 | D:6      | Found an iron altar of Okawaru.
  5669 | D:6      | Found an ornate altar of the Wu Jian Council.
  5669 | D:6      | Found a glowing silver altar of Zin.
  5670 | D:6      | Found a snail-covered altar of Cheibriados.
  5701 | D:6      | Reached XP level 8. HP: 47/66 MP: 10/13
  6284 | D:5      | Reached skill level 6 in Unarmed Combat
  6568 | D:6      | Gained mutation: You cannot be stealthy. [Ru sacrifice]
  6568 | D:6      | Reached *** piety under Ru
  6582 | D:6      | Found Tizaemul's Book Boutique.
  7028 | D:7      | Noticed Duvessa
  7031 | D:7      | Noticed Dowan
  7033 | D:7      | Noticed Joseph
  7063 | D:7      | Killed Joseph
  7066 | D:7      | HP: 5/100 [Duvessa/+0 short sword (2)]
  7071 | D:7      | Killed Duvessa
  7071 | D:7      | Reached XP level 9. HP: 7/73 MP: 15/15
  7087 | D:7      | Killed Dowan
  7591 | D:7      | Found a hide-covered altar of Uskayaw.
  7612 | D:7      | Found a staircase to the Ecumenical Temple.
  7953 | D:8      | Reached skill level 7 in Unarmed Combat
  7989 | D:8      | Reached skill level 5 in Fighting
  8167 | D:8      | Found Cedd's Gadget Boutique.
  8257 | D:8      | Found a white marble altar of Elyvilon.
  8635 | D:8      | Found a blossoming altar of Fedhas.
  8876 | D:8      | Noticed Jessica
  8895 | D:8      | Killed Jessica
  8907 | D:8      | Found a shimmering blue altar of Sif Muna.
  9022 | D:9      | Learned a level 4 spell: Ice Form
  9044 | D:9      | Reached skill level 5 in Spellcasting
  9300 | D:9      | Reached skill level 8 in Unarmed Combat
  9476 | D:9      | Reached skill level 5 in Dodging
  9495 | D:9      | Gained mutation: Your magical capacity is low. (-10% MP)
                  | [Ru sacrifice]
  9697 | D:9      | Found a broken altar of Ashenzari.
  9925 | D:9      | Noticed a two-headed ogre
  9944 | D:9      | Killed a two-headed ogre
  9944 | D:9      | Reached XP level 10. HP: 36/83 MP: 16/16
 10827 | D:10     | Entered Level 10 of the Dungeon
 10827 | D:10     | Found a staircase to the Lair.
 11625 | D:10     | Reached skill level 9 in Unarmed Combat
 11631 | D:10     | Found a blossoming altar of Fedhas.
 11931 | D:10     | Noticed a centaur warrior
 11936 | D:10     | Slain by a wyvern

Illustrated notes

Levels and vault maps discovered:
D:1:      kennysheep_arrival_forest, layout_basic
D:2:      layout_basic, grunt_temple_overflow_diamond, uniq_sigmund
D:3:      layout_loops_corners, chequers_mini_garden, due_unseen_surprise
D:4:      layout_loops_cross, serial_park_tiny_1, uniq_menkaure
D:5:      layout_cave_pools, gammafunk_ghost_nasty_kobolds,
          corexii_hall_statues_deadend
D:6:      layout_cave_pools, chequers_temple_overflow_statue_of_worship,
          serial_shops, nicolae_shop_stone
D:7:      layout_cave_pools, eat_drink_and_be_merry_uskayaw,
          minmay_temple_entry_drinking_statues, uniq_duvessa, uniq_joseph
D:8:      layout_loops_ring, tgw_sif, elyvilon_altar_1,
          overflow_temple_1_default, serial_shops, shop
D:9:      layout_loops_cross, nicolae_ashenzari_panopticon, chequers_jeans
D:10:     kennysheep_blocky_room, layout_basic, erik_lair_orcish_takeover,
          hangedman_abyss_or_decor_slice, fedhas_altar_3

Skill      XL: |  1  2  3  4  5  6  7  8  9 10 |
---------------+-------------------------------+-----
Dodging        | 2 3 4 5 |  5.7
Fighting       | 2 3 4 6 |  6.5
Unarmed Combat | 4 5 6 8 9 |  9.1
Transmutations | 3 4 5 6 8 |  8.8
Spellcasting   | 3 4 5 |  5.9
Poison Magic   | 1 2 |  2.0

Action                   |  1- 3 |  4- 6 |  7- 9 | 10-12 || total
-------------------------+-------+-------+-------+-------++-------
Melee: Unarmed           |    59 |    21 |   328 |   158 ||   566
       Tailslap          |     9 |    20 |    21 |     6 ||    56
       Punch             |     1 |     5 |     7 |     1 ||    14
       Kick              |    12 |    25 |     5 |       ||    42
       Headbutt          |     4 |    14 |     1 |       ||    19
       Whip              |    38 |   181 |    99 |       ||   318
 Cast: Beastly Appendage |    17 |    24 |     3 |       ||    44
       Spider Form       |       |     5 |    28 |     6 ||    39
Invok: Sacrifice Artific |       |     1 |       |       ||     1
       Sacrifice Stealth |       |       |     1 |       ||     1
       Sacrifice Essence |       |       |     1 |       ||     1
 Abil: Breathe Noxious F |       |       |    28 |    11 ||    39
  Use: Scroll            |       |    12 |     2 |     1 ||    15
       Potion            |       |       |     3 |       ||     3
 Stab: Sleeping          |     1 |     2 |       |       ||     3
       Distracted        |       |     1 |     2 |     1 ||     4
       Confused          |       |       |    11 |     3 ||    14
       Invisible         |       |       |     3 |       ||     3
Armor: Skin              |    24 |    55 |    99 |    16 ||   194
Dodge: Dodged            |    57 |   139 |   312 |   148 ||   656

Table legend: (Time is in decaauts)
 A = Elapsed time spent in this place.
 B = Non-inter-level travel time spent in this place.
 C = Inter-level travel time spent in this place.
 D = Time resting spent in this place.
 E = Time spent auto-exploring this place.
 F = Levels seen in this place.
 G = Mean time per level.
                   A        B        C        D        E       F      G
               +--------+--------+--------+--------+--------+-----+--------+
         Total |  11911 |  11532 |    379 |    461 |   9137 |  10 | 1191.1 |
       Dungeon |  11911 |  11532 |    379 |    461 |   9137 |  10 | 1191.1 |
               +--------+--------+--------+--------+--------+-----+--------+

Top non-repeatable levels by time:
     D:9: 2112 daAuts
     D:5: 1405 daAuts
     D:4: 1238 daAuts
     D:3: 1140 daAuts
     D:1: 1105 daAuts
     D:8: 1066 daAuts
     D:2: 1055 daAuts
     D:7: 1019 daAuts
     D:6: 990 daAuts
    D:10: 778 daAuts
